 Dungeon Crawl Stone Soup version 0.31.0-9-g3a7656b989 (webtiles) character file.

Game seed: 14634517871196243975

16 qw the Shooter (level 2, -3/15 (16) HPs)
             Began as a Deep Elf Hunter on Feb 2, 2024.
             Slain by Robin
             ... wielding a +1 mace of draining
              (7 damage)
             ... on level 2 of the Dungeon.
             The game lasted 00:00:00 (257 turns).

qw the Shooter (Deep Elf Hunter)                     Turns: 257, Time: 00:00:01

HP:   -3/15 (16)    AC:  3    Str:  8    XL:     2   Next: 41%
MP:   4/4           EV: 12    Int: 13    God:
Gold: 12            SH:  0    Dex: 18    Spells: 1/1 levels left

rFire   . . .        a - +0 shortbow
rCold   . . .        (shield currently unavailable)
rNeg    . . .        c - +0 leather armour
rPois   .            (no helmet)
rElec   .            (no cloak)
rCorr   .            (no gloves)
SInv    .            (no boots)
Will    .....        (no amulet)
Stlth   ++           (no ring)
HPRegen 0.22/turn    (no ring)
MPRegen 0.09/turn

%: no passive effects
@: drained
A: no striking features
a: no special abilities


You were on level 2 of the Dungeon.
You visited 1 branch of the dungeon, and saw 2 of its levels.

You collected 12 gold pieces.


   Skills:
 - Level 1.5 Fighting
 + Level 6.2 Ranged Weapons
 - Level 2.4 Dodging
 - Level 1.2 Stealth


You had one spell level left.
You didn't know any spells.
Your spell library was empty.

Inventory:

Hand Weapons
 a - a +0 shortbow (weapon)
Armour
 c - a +0 leather armour (worn)
 i - a +0 ring mail
Scrolls
 b - a scroll of butterflies
 d - a scroll of fear {unknown}
 e - a scroll of acquirement {unknown}
 g - a scroll of enchant armour {unknown}
Potions
 f - 2 potions of attraction {unknown}
 h - a potion of invisibility {unknown}

Dungeon Overview and Level Annotations

Branches:
Dungeon (2/15)

Altars:

Annotations:
D:2 Robin


Message History

The goblin shouts!
You hear a shout!
You shoot an arrow. The arrow hits the hobgoblin!
You kill the hobgoblin!
You shoot an arrow. The arrow barely misses the goblin.
You shoot an arrow. The arrow closely misses the goblin.
You shoot an arrow. The arrow hits the goblin.
You kill the goblin!
You shoot an arrow. The arrow hits the hobgoblin.
The hobgoblin is heavily wounded.
Robin of the Strong Arm comes into view.
They are wielding a +1 mace of draining.
The hobgoblin hits you but does no damage.
You shoot an arrow.
Robin shouts!
The arrow hits the hobgoblin.
The hobgoblin is severely wounded.
Robin roars a battlecry!
The hobgoblin goes into a battle-frenzy!
The hobgoblin hits you.
You shoot an arrow. The arrow closely misses the hobgoblin.
The hobgoblin hits you but does no damage.
You shoot an arrow. The arrow barely misses the hobgoblin.
The hobgoblin hits you.
You shoot an arrow. The arrow hits the hobgoblin.
You kill the hobgoblin!
You shoot an arrow. The arrow hits Robin.
Robin is lightly wounded.
You shoot an arrow. The arrow barely misses Robin.
You shoot an arrow. The arrow hits Robin.
Robin is moderately wounded.
Robin hits you with a +1 mace of draining.
You feel drained.
A kobold comes into view. It is wielding a +0 dagger.
You shoot an arrow. The kobold shouts!
The arrow hits Robin!
Robin is almost dead.
Robin hits you with a +1 mace of draining!
You die...
Robin calls out, "Let's celebrate!
Time for a feast!"

# # # ###.. .....
######### ###..
K.....g.# # #@# #
#.# # #.# # ##+##
#.# ##...## #.#
##.....## ###.#
#.......## ##...#
.........####...##
.........+.......#


You could see Robin and a kobold.

Vanquished Creatures
  An endoplasm (D:2)
  2 goblins
  3 hobgoblins
  3 jackals (D:1)
  2 ball pythons (D:1)
  2 bats (D:1)
  2 rats
15 creatures vanquished.

Notes
Turn   | Place    | Note
-------+----------+-------------------------------------------
     0 | D:1      | qw the Deep Elf Hunter began the quest for the Orb.
     0 | D:1      | Reached XP level 1. HP: 12/12 MP: 3/3
     0 | D:1      | 0 ||| qw: Version: 0.3-a-155-g5e7d8dd
     0 | D:1      | 0 ||| qw: Game counter: 875
     0 | D:1      | 0 ||| qw: Melee chars always use a shield: true
     0 | D:1      | 0 ||| qw: God list: Okawaru
     0 | D:1      | 0 ||| qw: Allow faded altars: false
     0 | D:1      | 0 ||| qw: Do Orc after clearing Dungeon:15 true
     0 | D:1      | 0 ||| qw: Do second Lair branch before Depths: true
     0 | D:1      | 0 ||| qw: Lair rune preference: random
     0 | D:1      | 0 ||| qw: Goals: Normal
     0 | D:1      | 0 ||| PLANNING D:1-11
   121 | D:1      | Reached skill level 6 in Ranged Weapons
   121 | D:1      | Reached XP level 2. HP: 16/16 MP: 4/4
   157 | D:1      | You fall into a shaft and drop 1 floor!
   249 | D:2      | Noticed Robin
   256 | D:2      | HP: 4/16 [Robin/+1 mace of draining (5)]
   257 | D:2      | Slain by Robin

Levels and vault maps discovered:
D:1:      roderic_crossed_star, layout_basic
D:2:      layout_loops_corners, uniq_robin

Skill      XL: |  1 |
---------------+----+-----
Ranged Weapons | 6 |  6.2
Fighting       | |  1.5
Dodging        | |  2.4
Stealth        | |  1.2

Action                     || total
---------------------------++-------
   Fire: Shortbow          ||    50
 Armour: Leather armour    ||    13
  Dodge: Dodged            ||    10

Table legend:
 A = Non-vault XP
 B = Vault XP
 C = Vault XP percentage of total XP
 D = Non-vault monster count
 E = Vault monster count
 F = Vault count percentage of total count
                 A         B        C        D         E       F
            +---------+---------+-------+---------+---------+-------
      Total |      18 |       6 |  25.0 |      12 |       3 |  20.0
            +---------+---------+-------+---------+---------+-------
        D:1 |      15 |       0 |   0.0 |      10 |       0 |   0.0
        D:2 |       3 |       6 |  66.7 |       2 |       3 |  60.0
            +---------+---------+-------+---------+---------+-------
